 Dungeon Crawl Stone Soup version 0.14-a0-717-gc32513d (webtiles) character file.

1608 PolkaDot the Fighter (level 8, -6/71 HPs)
             Began as a Hill Orc Fighter on Nov 7, 2013.
             Mangled by a crocodile (13 damage)
             ... on Level 8 of the Dungeon.
             The game lasted 00:27:51 (6059 turns).

PolkaDot the Fighter (Hill Orc Fighter)             Turns: 6059, Time: 00:27:52

HP  -6/71        AC  6     Str 19      XL: 8   Next: 63%
MP   7/7         EV  8     Int  8      God:
Gold 258         SH 22     Dex 14      Spells:  0 memorised,  7 levels left

Res.Fire  : . . .   See Invis. : .   a - +0 orc falchion
Res.Cold  : . . .   Warding    : .   l - +1 ring mail "Oha Hien" {rPois Curse}
Life Prot.: + . .   Conserve   : .   c - +0 orc shield
Res.Poison: +       Res.Corr.  : .   (helmet restricted)
Res.Elec. : .       Clarity    : +   (no cloak)
Sust.Abil.: . .     Spirit.Shd : .   (no gloves)
Res.Mut.  : .       Stasis     : .   j - +0 pair of boots
Res.Rott. : .       Flight     : .   (no amulet)
Saprovore : + . .                    E - cursed ring of hunger
                                     u - ring of positive energy {unknown}

@: drained, slightly resistant to hostile enchantments, very unstealthy
A: beak, clarity, deformed body, saprovore 1, Dex +2
a: no special abilities


You were on level 8 of the Dungeon.
You were not hungry.

You visited 1 branch of the dungeon, and saw 8 of its levels.

You collected 258 gold pieces.

Inventory:

Hand weapons
 a - a +0,+0 orcish falchion (weapon)
 o - a +0,+0 hand axe
Armour
 c - a +0 orcish shield (worn)
 j - a +0 pair of boots (worn)
 l - the +1 ring mail "Oha Hien" (worn) {rPois Curse}
   (You found it on level 4 of the Dungeon)

   It protects you from poison.
   It may recurse itself.
 H - a +2 orcish scale mail
Magical devices
 f - a wand of digging (6)
 I - a wand of enslavement (13) {unknown}
Comestibles
 d - 3 meat rations
 p - 2 bread rations
 t - a choko
 B - 15 sultanas
 C - an apple
 D - a beef jerky
 G - a chunk of giant frog flesh
Scrolls
 e - 2 scrolls of teleportation {unknown}
 g - 3 scrolls of recharging {unknown}
 h - 3 scrolls of remove curse {unknown}
 i - 4 scrolls of noise {unknown}
 k - 2 scrolls of blinking {unknown}
 m - 2 scrolls of curse weapon {unknown}
 q - a scroll of fear {unknown}
 r - a scroll of fog {unknown}
 s - 3 scrolls of enchant armour {unknown}
 w - 6 scrolls of identify {unknown}
 y - 4 scrolls of magic mapping {unknown}
 z - a scroll of enchant weapon I {unknown}
 A - a scroll of enchant weapon II {unknown}
 F - a scroll of curse jewellery {unknown}
 J - a scroll of curse armour {unknown}
Jewellery
 u - a ring of positive energy (left hand) {unknown}
 v - an uncursed ring of protection from fire {unknown}
 E - a cursed ring of hunger (right hand)
Potions
 b - a potion of brilliance
 n - a potion of magic
 K - 2 potions of cure mutation
Books
 x - a book of Dreams

   Spells                             Type                      Level
   Ensorcelled Hibernation            Hexes/Ice                    2
   Flight                             Charms/Air                   3
   Phase Shift                        Translocation                5
   Shadow Creatures                   Summoning                    5
   Mass Confusion                     Hexes                        6
   Darkness                           Hexes                        7


   Skills:
 * Level 8.5(8.4) Fighting
 - Level 2.1(2.0) Long Blades
 + Level 5.3(5.2) Axes
 + Level 6.3(6.2) Armour
 + Level 6.0(5.9) Shields


You had 7 spell levels left.
You didn't know any spells.

Dungeon Overview and Level Annotations

Branches:
Dungeon (8/27)
 Temple: D:4-7          Orc: D:6-11        Lair: D:8-13

Altars:
Ashenzari
Fedhas
Kikubaaqudgha
Okawaru
Trog
the Shining One

Annotations:
D:4 timbw's ghost, average TrGl
D:6 Crazy Yiuf
D:7 Blork the orc; Somebody's ghost, weakling FoCK


Innate Abilities, Weirdness & Mutations

You can tolerate rotten meat.
You have a beak for a mouth.
You are agile. (Dex +2)
You possess an exceptional clarity of mind.
Armour fits poorly on your strangely shaped body.


Message History

The crocodile is severely wounded.
The crocodile bites you!
* * * LOW HITPOINT WARNING * * *
The ogre hits you but does no damage.
Drink which item? (? for menu, Esc to quit)
Okay, then.
You barely miss the crocodile. Your peck misses the crocodile.
The crocodile is severely wounded.
The crocodile bites you!
* * * LOW HITPOINT WARNING * * *
You closely miss the crocodile.
The crocodile is severely wounded.
The crocodile bites you but does no damage.
The crocodile bites you.
* * * LOW HITPOINT WARNING * * *
You hit the crocodile but do no damage.
You peck the crocodile, but do no damage.
The crocodile is severely wounded.
The crocodile bites you!
You die...

###.............
###............#####
....................
.....................
###.# #..# #.# #.O#
#.########..#
###...........########...
..............Ot@........
........###########......
######..# ... #..# . #..#
.... ...... .......
.........


You could see a crocodile and an ogre.

Vanquished Creatures
  Grinder (D:3)
  A hippogriff (D:7)
  An ogre (D:5)
  A water moccasin (D:7)
  3 giant frogs
  4 crimson imps
  An iguana (D:4)
  A scorpion (D:5)
  2 hounds (D:5)
  5 worker ants
  2 orc wizards
  An ogre skeleton (D:6)
  A hound zombie (D:5)
  7 adders
  A worm (D:5)
  A giant eyeball (D:5)
  4 giant geckos
  9 orcs
  3 ball pythons
  11 bats
  6 giant cockroaches
  8 hobgoblins
  15 jackals
  4 giant newts
  10 goblins
  A goblin skeleton (D:5)
  13 kobolds
  A kobold zombie (D:6)
  A quokka zombie (D:5)
  9 rats
  A rat zombie (D:5)
129 creatures vanquished.

Notes
Turn   | Place    | Note
--------------------------------------------------------------
     0 | D:1      | PolkaDot, the Hill Orc Fighter, began the quest for the Orb.
     0 | D:1      | Reached XP level 1. HP: 19/19 MP: 0/0
   225 | D:1      | Reached XP level 2. HP: 19/26 MP: 1/1
   302 | D:1      | Reached skill level 4 in Fighting
   664 | D:2      | Reached XP level 3. HP: 31/33 MP: 2/2
  1237 | D:3      | Reached XP level 4. HP: 31/40 MP: 3/3
  1557 | D:3      | Noticed Grinder
  1570 | D:3      | Gained mutation: Your skin changes colour to match your surroundings (Stlth). [potion of beneficial mutation]
  1572 | D:3      | Lost mutation: Your skin changes colour to match your surroundings (Stlth). [potion of cure mutation]
  1576 | D:3      | Paralysed by a potion of paralysis for 4 turns
  1587 | D:3      | Paralysed by Grinder for 2 turns
  1591 | D:3      | Paralysed by Grinder for 7 turns
  1596 | D:3      | HP: 1/40 [Grinder (6)]
  1598 | D:3      | Killed Grinder
  1598 | D:3      | Reached skill level 6 in Fighting
  1598 | D:3      | Reached XP level 5. HP: 2/47 MP: 4/4
  1598 | D:3      | Reached XP level 6. HP: 2/55 MP: 5/5
  2362 | D:4      | Noticed timbw's ghost (average TrGl)
  2773 | D:5      | Entered Level 5 of the Dungeon
  2794 | D:5      | Reached XP level 7. HP: 28/61 MP: 6/6
  2900 | D:5      | Reached skill level 5 in Armour
  2900 | D:5      | Reached skill level 5 in Shields
  3362 | D:5      | Reached skill level 7 in Fighting
  3443 | D:5      | Paralysed by a giant eyeball for 4 turns
  3478 | D:5      | Found an iron altar of Okawaru.
  3478 | D:5      | Found a shattered altar of Ashenzari.
  3493 | D:5      | Found an ancient bone altar of Kikubaaqudgha.
  3507 | D:5      | Found a blossoming altar of Fedhas.
  3526 | D:5      | Found a bloodstained altar of Trog.
  3527 | D:5      | Found a glowing golden altar of the Shining One.
  4058 | D:4      | Gained mutation: You have a fast metabolism. [potion of mutation]
  4058 | D:4      | Gained mutation: You have a beak for a mouth. [potion of mutation]
  4058 | D:4      | Lost mutation: You have a fast metabolism. [potion of mutation]
  4059 | D:4      | Gained mutation: Armour fits poorly on your strangely shaped body. [potion of mutation]
  4059 | D:4      | Gained mutation: You are agile. (Dex +2) [potion of mutation]
  4059 | D:4      | Gained mutation: You possess an exceptional clarity of mind. [potion of mutation]
  4162 | D:4      | Got a faintly humming ring mail
  4366 | D:4      | Identified the +1 ring mail "Oha Hien" {rPois Curse} (You found it on level 4 of the Dungeon)
  4866 | D:6      | Noticed Crazy Yiuf
  4896 | D:5      | Reached XP level 8. HP: 37/70 MP: 7/7
  5416 | D:7      | Reached skill level 8 in Fighting
  5584 | D:7      | Reached skill level 5 in Axes
  5653 | D:7      | Noticed Somebody's ghost (weakling FoCK)
  5655 | D:7      | Noticed Blork the orc
  6059 | D:8      | Mangled by a crocodile

Action                   |  1- 3 |  4- 6 |  7- 9 || total
-------------------------+-------+-------+-------++-------
Melee: Falchion          |   106 |   204 |   428 ||   738
  Use: Potion            |     1 |    14 |     6 ||    21
